Map: [ESL] Solaris

Players

Creator - Winner!

  • Race: Protoss Protoss
  • Spawn Location: 7:00

Lambo

  • Race: Zerg Zerg
  • Spawn Location: 1:00

Event: IEM Katowice 2024

VOD

Have the link to the VOD?

Description

Time

  • Played on: Dec. 9, 2023, 8:27 p.m.
  • Length: 17:05

All games in this series

Show
View Real Time Build Order
Export as new Build Order

Creator Protoss - Winner!

Build Orders: 1 Gate Expand, Oracle Opening 

Get SALT Encoding   

  12  0:00  Probe  
  13  0:13  Pylon  
  13  0:17  Probe (Chrono Boost)  
  14  0:27  Probe (Chrono Boost)  
  15  0:32  Probe (Chrono Boost)  
  16  0:39  Gateway  
  16  0:44  Probe  
  16  0:47  Assimilator  
  17  0:56  Probe  
  18  1:08  Probe  
  19  1:20  Probe  
  19  1:25  Nexus  
  20  1:35  Cybernetics Core  
  20  1:37  Probe  
  21  1:42  Assimilator  
  21  1:50  Probe  
  21  1:52  Pylon  
  22  2:02  Probe  
  23  2:08  Adept (Chrono Boost)  
  23  2:14  Probe  
  26  2:17  Stargate  
  26  2:25  Warp Gate  
  26  2:27  Probe (Chrono Boost)  
  26  2:28  Adept (Chrono Boost)  
  29  2:37  Probe (Chrono Boost)  
  31  2:44  Probe (Chrono Boost)  
  31  2:46  Probe (Chrono Boost)  
  31  2:51  Probe x2 (Chrono Boost), Adept  
  36  3:00  Oracle (Chrono Boost)  
  36  3:03  Probe x2  
  41  3:13  Pylon  
  41  3:15  Probe  
  41  3:16  Probe  
  43  3:21  Adept  
  45  3:32  Probe x2  
  45  3:33  Oracle (Chrono Boost)  
  46  3:41  Gateway  
  46  3:44  Probe x2  
  48  3:50  Pylon  
  48  3:56  Probe x2  
  50  4:04  Oracle  
  50  4:08  Probe x2  
  55  4:14  Adept  
  57  4:20  Probe x2  
  57  4:22  Nexus  
  57  4:24  Assimilator  
  59  4:25  Assimilator  
  59  4:26  Pylon  
  59  4:32  Twilight Council  
  59  4:33  Forge  
  59  4:34  Probe  
  59  4:35  Probe  
  61  4:46  Probe  
  61  4:47  Probe  
  63  4:58  Shield Battery  
  63  4:59  Gateway, Adept x2  
  67  5:00  Probe (Chrono Boost)  
  67  5:03  Probe (Chrono Boost)  
  67  5:04  Blink (Chrono Boost)  
  67  5:06  Protoss Ground Weapons Level 1, Pylon  
  69  5:12  Probe (Chrono Boost)  
  70  5:18  Probe (Chrono Boost)  
  70  5:20  Probe  
  70  5:26  Gateway  
  70  5:27  Gateway  
  68  5:31  Stalker  
  68  5:32  Stalker  
  68  5:34  Probe (Chrono Boost)  
  68  5:35  Probe (Chrono Boost)  
  75  5:37  Probe (Chrono Boost)  
  76  5:44  Probe (Chrono Boost)  
  76  5:46  Probe (Chrono Boost)  
  76  5:47  Probe (Chrono Boost)  
  76  5:49  Probe  
  78  5:50  Robotics Facility  
  78  5:54  Probe, Stalker  
  78  5:56  Stalker  
  85  5:57  Pylon, Probe  
  85  5:58  Stalker  
  85  6:01  Probe  
  88  6:05  Pylon  
  88  6:13  Probe x3  
  88  6:17  Assimilator  
  88  6:18  Assimilator  
  91  6:19  Pylon  
  91  6:20  Stalker x2  
  91  6:21  Stalker x2  
  91  6:23  Stalker  
  101  6:30  Probe  
  101  6:31  Probe x2  
  104  6:36  Photon Cannon  
  104  6:47  Stalker x5  
  108  6:52  Robotics Bay  
  108  6:53  Observer  
  115  6:54  Robotics Facility  
  109  7:10  Protoss Ground Weapons Level 2 (Chrono Boost)  
  107  7:17  Sentry  
  107  7:19  Gateway  
  107  7:20  Gateway  
  107  7:22  Gateway  
  109  7:23  Stalker x3  
  115  7:33  Stalker  
  117  7:37  Gateway  
  117  7:39  Pylon  
  117  7:48  Pylon  
  117  7:49  Pylon  
  117  7:55  Nexus  
  117  7:56  Pylon  
  117  7:58  Extended Thermal Lance  
  123  8:00  Colossus (Chrono Boost), Pylon  
  123  8:02  Photon Cannon  
  123  8:05  Shield Battery  
  123  8:06  Disruptor (Chrono Boost)  
  123  8:10  Stalker  
  121  8:22  Nexus  
  121  8:23  Sentry, Stalker x5  
  121  8:26  Pylon  
  133  8:27  Probe x2  
  133  8:28  Probe  
  133  8:31  Colossus (Chrono Boost)  
  142  8:37  Pylon  
  142  8:39  Photon Cannon  
  142  8:41  Shield Battery  
  142  8:43  Colossus (Chrono Boost)  
  142  8:46  Zealot  
  150  8:53  Stalker  
  152  8:56  Photon Cannon  
  152  9:08  Photon Cannon  
  152  9:16  Disruptor (Chrono Boost)  
  156  9:29  Disruptor  
  156  9:30  Stalker  
  162  9:32  Stalker  
  162  9:37  Stalker  
  145  9:43  Stalker  
  145  9:44  Stalker x5  
  144  9:47  Warp Prism, Probe x3  
  143  9:56  Stalker x2  
  143  9:58  Probe  
  143  9:59  Probe  
  149  10:08  Stalker x6  
  131  10:30  Warp Prism (Chrono Boost)  
  131  10:32  Stalker x7  
  137  10:35  Probe  
  137  10:36  Probe x3  
  137  10:41  Assimilator  
  137  10:42  Assimilator  
  141  10:44  Photon Cannon, Shield Battery  
  141  10:46  Disruptor (Chrono Boost)  
  145  10:50  Shield Battery  
  145  10:56  Photon Cannon  
  145  10:57  Shield Battery  
  145  10:59  Stalker x4  
  145  11:00  Zealot  
  155  11:07  Disruptor  
  159  11:17  Colossus (Chrono Boost)  
  165  11:27  Sentry, Zealot x4  
  165  11:28  Zealot x3  
  173  11:41  Zealot, Immortal (Chrono Boost)  
  173  11:43  Charge  
  179  11:52  Templar Archives  
  179  11:53  Pylon x2  
  179  11:57  Pylon  
  179  11:59  Photon Cannon  
  179  12:00  Pylon  
  179  12:06  Protoss Ground Weapons Level 3 (Chrono Boost)  
  179  12:09  Colossus (Chrono Boost)  
  179  12:12  Immortal  
  189  12:16  Gateway, Photon Cannon  
  189  12:18  Photon Cannon  
  189  12:19  Shield Battery  
  189  12:24  Zealot x4  
  193  12:40  Gateway  
  193  12:42  Zealot x4  
  191  12:48  Photon Cannon  
  191  12:57  Nexus  
  187  13:04  High Templar x4  
  189  13:09  Archon x2  
  189  13:10  High Templar x4  
  189  13:12  Pylon  
  197  13:15  Archon x2  
  197  13:19  Nexus  
  197  13:21  Pylon  
  197  13:22  Pylon  
  197  13:28  Pylon  
  197  13:31  Pylon  
  185  13:42  High Templar x2  
  185  13:46  Stalker x2  
  185  13:47  Archon, Photon Cannon  
  193  13:48  Photon Cannon  
  193  13:52  Shield Battery  
  193  13:54  Shield Battery  
  192  14:19  High Templar x4  
  192  14:22  Protoss Ground Armor Level 1  
  196  14:26  Archon x2  
  196  14:28  Stalker x4  
  195  14:33  Stalker x3  
  193  14:52  Zealot x5  
  195  14:53  Zealot  
  195  14:56  Colossus (Chrono Boost)  
  195  14:57  Immortal (Chrono Boost)  
  161  15:09  Unknown  
  161  15:10  High Templar x2  
  161  15:13  Gateway, Photon Cannon  
  165  15:14  Zealot x4  
  165  15:18  High Templar x2, Archon  
  177  15:24  Archon  
  173  15:38  Zealot x6  
  183  15:47  Zealot x2  
  151  15:51  Zealot x2  
  151  15:52  Warp Prism  
  151  15:53  Immortal  
  151  15:55  Probe  
  151  15:56  Probe x4  
  158  16:01  Stalker x3  
  158  16:09  High Templar x4  
  166  16:14  Archon x2  
  166  16:16  High Templar x2, Zealot x2  
  174  16:24  Archon  
  170  16:28  Zealot  
  170  16:29  Zealot x2  
  169  16:38  Zealot  
  169  16:39  Zealot  
  169  16:50  High Templar  
  169  16:51  High Templar x3, Zealot  
  169  16:52  Zealot x4  
  173  16:56  Archon x2  
Show
View Real Time Build Order
Export as new Build Order

Lambo Zerg 

Build Orders: Hatch First 

Get SALT Encoding   

  12  0:00  Drone  
  13  0:12  Overlord  
  13  0:17  Drone  
  14  0:30  Drone x2  
  16  0:42  Drone  
  17  0:51  Hatchery  
  17  0:54  Drone  
  17  0:58  Drone  
  18  1:08  Extractor  
  17  1:12  Spawning Pool  
  17  1:15  Drone  
  17  1:20  Drone  
  18  1:29  Drone  
  19  1:39  Drone  
  20  1:52  Overlord  
  20  1:59  Queen  
  22  2:03  Drone, Queen  
  22  2:04  Zergling x2  
  26  2:09  Metabolic Boost  
  26  2:11  Zergling x2  
  26  2:15  Drone  
  28  2:22  Drone  
  29  2:25  Drone  
  30  2:41  Queen  
  32  2:45  Hatchery  
  32  2:49  Drone, Overlord  
  32  2:52  Zergling x2  
  32  2:56  Zergling x2  
  33  3:00  Drone x2  
  35  3:07  Queen  
  35  3:08  Zergling x2  
  35  3:11  Zergling x2  
  39  3:23  Drone x5  
  42  3:27  Drone x2  
  43  3:40  Overlord  
  43  3:48  Overlord  
  43  3:58  Drone x7  
  43  3:59  Drone  
  49  4:04  Queen  
  49  4:07  Drone x3  
  49  4:09  Drone  
  55  4:17  Drone x2  
  55  4:18  Spore Crawler  
  55  4:19  Drone x3  
  55  4:22  Drone  
  60  4:29  Queen  
  62  4:32  Zergling x4  
  62  4:33  Drone x2, Spore Crawler  
  62  4:36  Drone  
  66  4:43  Overlord  
  66  4:47  Overlord  
  66  4:51  Overlord  
  66  4:55  Extractor  
  66  4:56  Extractor  
  66  4:58  Drone x2  
  66  5:02  Drone x8, Roach Warren  
  66  5:03  Drone  
  66  5:06  Drone  
  75  5:07  Drone  
  75  5:09  Drone  
  77  5:16  Drone  
  77  5:20  Drone x4  
  81  5:23  Extractor  
  81  5:27  Extractor  
  79  5:29  Drone x2, Lair, Extractor  
  79  5:31  Evolution Chamber  
  79  5:32  Drone  
  79  5:33  Drone x3  
  79  5:35  Drone x3  
  86  5:37  Spore Crawler  
  86  5:39  Drone  
  86  5:41  Queen  
  88  5:43  Drone x2  
  90  5:54  Overlord  
  90  5:56  Overlord  
  90  6:00  Zerg Melee Weapons Level 1, Hatchery  
  90  6:01  Overlord  
  90  6:02  Overlord  
  90  6:03  Overlord  
  88  6:06  Overlord  
  83  6:13  Zergling x16  
  83  6:16  Zergling x2  
  93  6:25  Zergling x10  
  93  6:31  Zergling x8, Baneling Nest, Hatchery  
  99  6:33  Overlord  
  99  6:35  Overlord  
  99  6:41  Overlord  
  99  6:44  Zergling x2, Overlord  
  99  6:45  Zergling x2  
  101  6:51  Roach x3  
  106  6:59  Glial Reconstitution  
  106  7:00  Roach x7  
  118  7:07  Roach x3  
  116  7:12  Roach x3  
  120  7:16  Roach x3  
  126  7:28  Roach  
  126  7:29  Roach x7  
  142  7:30  Overlord  
  142  7:31  Ravager x2  
  142  7:33  Zergling x2  
  142  7:34  Zergling x2  
  142  7:35  Overlord  
  145  7:38  Zergling x2  
  145  7:41  Baneling x5  
  145  7:42  Baneling x2  
  145  7:43  Zergling x2  
  145  7:44  Zergling x2  
  147  7:46  Drone x2, Centrifugal Hooks  
  147  7:50  Drone x3  
  147  7:51  Ravager  
  153  7:52  Drone x2  
  153  7:58  Drone x5  
  160  8:01  Drone x3  
  160  8:05  Zerg Missile Weapons Level 1, Overlord  
  163  8:08  Drone x2  
  163  8:18  Zergling x16, Spore Crawler  
  167  8:22  Roach  
  167  8:23  Roach  
  167  8:25  Zergling x4, Roach  
  175  8:27  Zergling x2  
  175  8:28  Zergling x2  
  175  8:31  Zergling x8  
  181  8:40  Overlord  
  181  8:41  Overlord  
  181  8:43  Overlord  
  181  8:47  Baneling x8  
  181  8:53  Baneling x16  
  181  8:55  Spine Crawler  
  181  8:58  Baneling  
  181  8:59  Zergling x2  
  181  9:00  Zergling x16  
  189  9:04  Zergling x16  
  197  9:12  Zergling x2  
  197  9:14  Zergling x6  
  195  9:17  Zergling x4  
  192  9:27  Zergling x14  
  192  9:37  Roach x3  
  192  9:38  Roach x12  
  196  9:41  Roach x3  
  196  9:45  Roach x2  
  184  9:48  Zergling x2  
  184  9:50  Roach x5  
  182  9:53  Zergling x8  
  182  9:55  Zergling x4  
  182  9:58  Zergling x6  
  180  10:04  Zergling x10  
  183  10:10  Roach  
  183  10:15  Roach x4  
  175  10:24  Roach x6  
  167  10:30  Roach x6  
  167  10:31  Zergling x2, Roach x2  
  167  10:34  Ravager x3  
  178  10:36  Zergling x4  
  178  10:38  Zerg Melee Weapons Level 2  
  178  10:39  Zergling x2  
  178  10:40  Zergling x2  
  180  10:44  Drone x4  
  180  10:46  Zergling x4  
  180  10:49  Zergling x8  
  190  10:53  Overlord  
  190  10:57  Baneling x15  
  190  11:03  Baneling x7  
  189  11:14  Zergling x22  
  189  11:17  Zergling x2  
  197  11:20  Zergling x4  
  197  11:23  Zergling x6  
  197  11:31  Zergling x2  
  195  11:37  Zergling x22  
  195  11:41  Zergling x6  
  198  11:53  Baneling x9  
  197  11:58  Baneling x12  
  197  12:01  Baneling x2  
  197  12:02  Baneling x14  
  197  12:06  Spine Crawler  
  196  12:12  Zergling x2  
  194  12:23  Zergling x8  
  194  12:26  Zergling x2, Hatchery  
  194  12:27  Zergling x4, Extractor  
  195  12:39  Zergling x8  
  195  12:42  Infestation Pit, Baneling x5  
  195  12:43  Baneling x9  
  195  12:44  Zergling x6  
  198  12:57  Zergling x8  
  197  13:03  Zergling x2  
  197  13:04  Zergling x8  
  196  13:24  Zergling x6, Overlord  
  196  13:25  Hive  
  195  13:27  Overlord  
  195  13:28  Overlord  
  195  13:29  Zergling x6  
  195  13:33  Baneling x2  
  193  13:34  Baneling x2  
  193  13:36  Zergling x16  
  193  13:38  Baneling x15  
  197  13:43  Spine Crawler  
  197  13:44  Spine Crawler  
  197  13:47  Zergling x2  
  197  13:48  Zergling x6  
  199  13:50  Baneling x12  
  199  13:51  Hatchery  
  197  14:01  Zergling x10  
  196  14:20  Zergling x8  
  193  14:31  Roach x7  
  199  14:33  Roach Warren  
  199  14:34  Spawning Pool  
  199  14:37  Roach x3  
  199  14:38  Zergling x8  
  199  14:41  Zergling x2  
  199  14:42  Zergling x20  
  191  14:47  Roach x3  
  172  15:01  Roach x7  
  180  15:07  Zergling x10, Roach  
  180  15:10  Ravager x2  
  180  15:12  Ravager  
  190  15:17  Zergling x6  
  193  15:23  Zergling x4  
  193  15:24  Unknown  
  186  15:29  Zergling x6  
  186  15:35  Zergling x6  
  176  15:49  Roach x7  
  149  15:53  Viper x3  
  154  15:57  Zergling x10  
  154  15:59  Zergling x2  
  159  16:04  Zergling x10  
  163  16:11  Zergling x4  
  163  16:13  Roach x2  
  169  16:21  Roach  
  169  16:24  Roach x3  
  165  16:33  Roach x4  
  165  16:39  Roach x2  
  175  16:43  Zergling x4  

Tags
 
Add a new tag
Caveats
  • Supply blocks, unpowered buildings, or Contaminate may cause inaccurate times.
  • Supply counts are checked every 10 seconds.